 Dungeon Crawl Stone Soup version 0.20-a0-1089-g3fde505 (webtiles) character file.

3590 sveltemanboy the Carver (level 9, -16/71 HPs)
             Began as a Demonspawn Monk on May 3, 2017.
             Was an Elder of Okawaru.
             Demolished by a two-headed ogre
             ... wielding a +0 dire flail
              (18 damage)
             ... on level 8 of the Dungeon.
             The game lasted 00:23:21 (11270 turns).

sveltemanboy the Carver (Demonspawn Monk)          Turns: 11270, Time: 00:23:22

Health: -16/71     AC: 13    Str: 16    XL:     9   Next: 85%
Magic:  0/9        EV: 11    Int: 11    God:    Okawaru [****..]
Gold:   349        SH:  5    Dex: 15    Spells: 8/8 levels left

rFire    + + +     SeeInvis .   u - +0 falchion (vamp)
rCold    + . .     Gourm    .   q - +0 buckler
rNeg     . . .     Faith    .   A - +2 fire dragon scales
rPois    .         Spirit   +   (no helmet)
rElec    .         Reflect  .   y - scarf {rC+ rF+}
rCorr    .         Harm     .   (no gloves)
MR       .....                  (no boots)
Stlth    +.........             j - amulet of guardian spirit
Regen    0.3/turn               v - ring of protection from cold
MPRegen  0.2/turn               D - ring of flight

@: no status effects
A: talons 1, rugged brown scales 2, nightstalker 1
a: Heroism, Renounce Religion, Evoke Flight


You were on level 8 of the Dungeon.
You worshipped Okawaru.
Okawaru was greatly pleased with you.
You were not hungry.

You visited 2 branches of the dungeon, and saw 10 of its levels.
You also visited: Ossuary.

You collected 349 gold pieces.

Inventory:

Hand Weapons
 d - a +0 great sword
 u - a +0 vampiric falchion (weapon)
 z - a +1 scimitar
Missiles
 w - 2 throwing nets (quivered)
Armour
 q - a +0 buckler (worn)
 y - a scarf of resistance (worn)
 A - +2 fire dragon scales (worn)
Jewellery
 j - an amulet of guardian spirit (around neck)
 n - an uncursed ring of protection from fire
 s - a cursed ring of loudness {unknown}
 v - a ring of protection from cold (left hand)
 D - a ring of flight (right hand)
Wands
 b - a wand of confusion (0/48)
 C - a wand of flame (5/48)
Scrolls
 e - 5 scrolls of teleportation
 f - 3 scrolls of identify
 h - a scroll of enchant weapon
 o - 6 scrolls of remove curse
Potions
 a - 4 potions of curing
 g - a potion of invisibility {unknown}
 i - 2 potions of flight
 k - 2 potions of mutation {unknown}
 l - a potion of agility
 m - 3 potions of ambrosia {unknown}
 p - a potion of heal wounds
 t - a potion of brilliance
Comestibles
 c - 6 bread rations
 r - 10 royal jellies
 x - 5 fruits
 B - 3 meat rations


   Skills:
 - Level 5.0 Fighting
 * Level 10.0 Long Blades
 - Level 5.0 Armour
 - Level 4.7 Dodging
 - Level 1.7 Stealth
 - Level 4.1 Shields


You had 8 spell levels left.
You didn't know any spells.

Dungeon Overview and Level Annotations

Branches:
Dungeon (9/15)             Temple (1/1) D:5            Lair (0/6) D:8
    Orc: D:9-12

Altars:
Ashenzari
Cheibriados
Dithmenos
Elyvilon
Fedhas
Gozag
Hepliaklqana
Kikubaaqudgha
Makhleb
Okawaru
Qazlal
Ru
Sif Muna
Trog
Uskayaw
Vehumet
Wu Jian
Xom
Yredelemnul
Zin
The Shining One

Shops:
D:5 %

Annotations:
D:8 exclusion: two-headed ogre


Innate Abilities, Weirdness & Mutations

You have sharp toenails.
You are mostly covered in rugged brown scales. (AC +2, +5% HP)
You are slightly more attuned to the shadows.


Message History

The two-headed ogre hits you with a dire flail!
You closely miss the two-headed ogre.
You claw the two-headed ogre, but do no damage.
The two-headed ogre is lightly wounded.
You hit the two-headed ogre.
You feel better.
You claw the two-headed ogre, but do no damage.
The two-headed ogre is moderately wounded.
The two-headed ogre hits you with a dire flail!
* * * LOW HITPOINT WARNING * * *
The two-headed ogre closely misses you.
You hit the two-headed ogre.
The two-headed ogre is moderately wounded.
The two-headed ogre hits you with a dire flail!
* * * LOW HITPOINT WARNING * * *
The two-headed ogre misses you.
You hit the two-headed ogre.
You feel better.
You claw the two-headed ogre, but do no damage.
The two-headed ogre is moderately wounded.
The two-headed ogre hits you with a dire flail!!
You die...

#.##..###.## #.# #.##.##
#.##.#...#########.###.##.#
#..#...................##.#
##.#######..######.######.#
#.# #..# #.# #.## #(# #..#
#.# #... #<# #..# ##.# ####
#(# #.O# #..# #(# #.@# #.##
#.# #..# #.# #.#######..#
#.# #### #).....##..#####.#
#>.. ######...........#
#.## ####..#.##### #.#
#.###.# #.# #..#.## #.#
#.#.## ##### ##.##


You could see a two-headed ogre.

Vanquished Creatures
  An unseen horror (D:7)
  Grinder (D:3)
  A hippogriff (D:8)
  A hungry ghost (D:8)
  2 orc warriors (D:7)
  A phantom (D:4)
  An ogre (D:8)
  5 centaurs
  A big kobold (D:7)
  3 bullfrogs
  2 scorpions
  5 killer bees (D:7)
  2 vampire bats (D:3)
  A bullfrog zombie (D:7)
  3 crimson imps
  2 hounds
  2 orc priests
  5 jellies
  7 orc wizards
  3 iguanas
  Natasha (D:3)
  2 worker ants
  A hound skeleton (D:5)
  2 hound zombies
  A worker ant zombie (D:6)
  4 gnolls (D:2)
  12 adders
  A shadow imp (D:6)
  6 oozes
  An adder zombie (D:6)
  4 worms
  5 dart slugs
  3 leopard geckos
  33 orcs
  9 bats
  4 bat skeletons (D:3)
  A bat zombie (D:3)
  7 giant cockroaches
  3 gnoll zombies (Ossuary)
  9 goblins
  10 hobgoblins
  10 jackals
  3 quokkas
  A ball python (D:8)
  6 frilled lizards
  A giant cockroach zombie (D:5)
  10 kobolds
  A kobold zombie (Ossuary)
  A leopard gecko skeleton (D:4)
  An orc zombie (Ossuary)
  8 rats
210 creatures vanquished.

Notes
Turn   | Place    | Note
-------+----------+-------------------------------------------
     0 | D:1      | sveltemanboy the Demonspawn Monk began the quest for the Orb.
     0 | D:1      | Reached XP level 1. HP: 18/18 MP: 1/1
   577 | D:1      | Reached skill level 1 in Armour
   609 | D:1      | Gained mutation: You are partially covered in rugged brown scales. (AC +1, +3% HP) [demonic ancestry]
   609 | D:1      | Reached XP level 2. HP: 3/24 MP: 2/2
  1529 | D:2      | Reached XP level 3. HP: 29/29 MP: 3/3
  1611 | D:2      | Found an ornate altar of the Wu Jian Council.
  2148 | D:2      | Reached XP level 4. HP: 35/36 MP: 4/4
  2955 | D:3      | Noticed Natasha
  3036 | D:3      | Gained mutation: You have sharp toenails. [demonic ancestry]
  3036 | D:3      | Reached XP level 5. HP: 33/43 MP: 5/5
  3526 | D:3      | Noticed Grinder
  3526 | D:3      | Paralysed by Grinder for 5 turns
  3533 | D:3      | Paralysed by Grinder for 5 turns
  3544 | D:3      | Killed Grinder
  3544 | D:3      | Reached XP level 6. HP: 48/50 MP: 6/6
  3680 | D:3      | Killed Natasha
  3816 | D:3      | Found an ancient bone altar of Kikubaaqudgha.
  3829 | D:3      | Reached skill level 5 in Fighting
  3869 | D:3      | Gained mutation: You are mostly covered in rugged brown scales. (AC +2, +5% HP) [demonic ancestry]
  3869 | D:3      | Reached XP level 7. HP: 44/58 MP: 7/7
  3871 | D:3      | Found a burning altar of Makhleb.
  3976 | D:3      | Found a shattered altar of Ashenzari.
  4482 | D:4      | Found an opulent altar of Gozag.
  4521 | D:4      | Reached skill level 3 in Long Blades
  4831 | D:4      | Reached skill level 1 in Shields
  5149 | D:4      | Found a hide-covered altar of Uskayaw.
  5565 | D:4      | Found a shadowy altar of Dithmenos.
  5665 | D:4      | Reached skill level 4 in Long Blades
  5740 | D:5      | Entered Level 5 of the Dungeon
  5805 | D:5      | Found a sand-covered staircase.
  5819 | Ossuary  | Entered an ossuary
  6141 | D:5      | Found Butagoge's Food Boutique.
  6290 | D:5      | Gained mutation: You are slightly more attuned to the shadows. [demonic ancestry]
  6290 | D:5      | Reached XP level 8. HP: 65/65 MP: 8/8
  6544 | D:5      | Found a staircase to the Ecumenical Temple.
  6552 | Temple   | Entered the Ecumenical Temple
  6763 | Temple   | Became a worshipper of Warmaster Okawaru
  6763 | Temple   | Reached * piety under Okawaru
  6763 | Temple   | Reached ** piety under Okawaru
  7015 | D:5      | Reached skill level 5 in Long Blades
  7948 | D:6      | Reached skill level 6 in Long Blades
  8779 | D:7      | Reached skill level 7 in Long Blades
  9007 | D:7      | Reached *** piety under Okawaru
  9241 | D:7      | Reached XP level 9. HP: 71/71 MP: 7/9
  9647 | D:7      | Killed an unseen horror
  9647 | D:7      | Reached **** piety under Okawaru
  9647 | D:7      | Reached skill level 8 in Long Blades
  9980 | D:8      | Reached skill level 5 in Armour
 10023 | D:8      | Reached skill level 9 in Long Blades
 10371 | D:8      | Noticed a two-headed ogre
 10614 | D:8      | Found a stormy altar of Qazlal.
 10614 | D:8      | Found a white marble altar of Elyvilon.
 10684 | D:8      | Found a staircase to the Lair.
 10885 | D:8      | Found a radiant altar of Vehumet.
 11076 | D:8      | Reached skill level 10 in Long Blades
 11252 | D:9      | Noticed a six-headed hydra
 11255 | D:9      | Noticed a two-headed ogre
 11269 | D:8      | HP: 1/71 [two-headed ogre/dire flail (12)]
 11270 | D:8      | Demolished by a two-headed ogre

Vault maps used:
D:1:      sevenhm_arrival_forest_fort_large_2, minmay_misc_feat_tiny
D:2:      first_bread, minmay_hexomino_r4
D:3:      makhleb_heckhound_becter, nicolae_overflow_crystal_walls,
          kennysheep_vampire_church, uniq_natasha, uniq_grinder
D:4:      grunt_gozag_breadcrumbs, grunt_dithmenos_smoke, old_standard_altar
D:5:      lemuel_temple_firewalk_b, serial_shops, shop_fountains,
          nicolae_ossuary_entry_ruins, serial_park_tiny_1,
          hangedman_minor_gate_pass
D:6:      minmay_misc_feat_rugged, grunt_ministairs_14
D:8:      gammafunk_temple_overflow_wave, kennysheep_little_box,
          lair_entry_dummy, hangedman_little_slice_of_home
D:9:      minmay_cut_squares, lemuel_coloured_pillars_altar, serial_shops, shop,
          okawaru_trees_2
Temple:   minmay_temple_forest_path
Ossuary:  ossuary_tomb_3

Skill      XL: |  1  2  3  4  5  6  7  8  9 |
---------------+----------------------------+-----
Armour         | 1 2 3 5 |  5.0
Dodging        | 3 4 |  4.7
Fighting       | 4 5 |  5.0
Long Blades    | 4 7 10 | 10.0
Shields        | 2 4 |  4.1
Stealth        | |  1.7

Action                   |  1- 3 |  4- 6 |  7- 9 || total
-------------------------+-------+-------+-------++-------
Melee: Falchion          |   125 |   180 |   858 ||  1163
       Kick              |       |    23 |   320 ||   343
       Dagger            |       |       |    14 ||    14
Evoke: Wand              |       |       |     8 ||     8
  Use: Potion            |       |     4 |     5 ||     9
       Scroll            |       |       |    18 ||    18
 Stab: Sleeping          |     3 |       |    10 ||    13
       Confused          |       |       |     2 ||     2
  Eat: Chunk             |     4 |     6 |    30 ||    40
       Meat ration       |       |       |     1 ||     1
       Fruit             |       |       |     1 ||     1
Armor: Robe              |     3 |       |       ||     3
       Ring mail         |    31 |   101 |   140 ||   272
       Skin              |       |     1 |       ||     1
       Fire dragon scale |       |       |   169 ||   169
Dodge: Dodged            |    76 |   161 |   446 ||   683
Block: Buckler           |       |       |    79 ||    79
       Rpst.: Falchion   |    32 |    53 |   117 ||   202
